 Dungeon Crawl Stone Soup version 0.31-a0-263-ge8cad7f256 (webtiles) character file.

Game seed: 4282194988536320993

76 qw the Shooter (level 4, -1/36 HPs)
             Began as a Minotaur Hexslinger on July 13, 2023.
             Slain by an ogre
             ... wielding a +0 giant club
              (15 damage)
             ... on level 2 of the Dungeon.
             The game lasted 00:00:42 (1397 turns).

qw the Shooter (Minotaur Hexslinger)                Turns: 1397, Time: 00:00:42

Health: -1/36      AC:  6    Str: 12    XL:     4   Next: 12%
Magic:  4/4        EV: 16    Int: 10    God:
Gold:   89         SH:  0    Dex: 15    Spells: 4/5 levels left

rFire   . . .        Y - +1 sling
rCold   . . .        (no shield)
rNeg    . . .        f - +0 ring mail
rPois   .            (helmet restricted)
rElec   .            (no cloak)
rCorr   .            (no gloves)
SInv    .            e - +0 pair of boots
Will    .....        (no amulet)
Stlth   +            j - +5 ring of evasion
HPRegen 0.26/turn    (no ring)
MPRegen 0.09/turn

%: no passive effects
@: brilliant
A: horns 2, retaliatory headbutt
a: no special abilities


You were on level 2 of the Dungeon.
You visited 1 branch of the dungeon, and saw 2 of its levels.

You collected 89 gold pieces.


Innate Abilities, Weirdness & Mutations

You have a pair of horns on your head.
You reflexively headbutt those who attack you in melee.


   Skills:
 - Level 2.1 Fighting
 - Level 4.6 Ranged Weapons
 + Level 0.0 Armour
 - Level 2.1 Dodging
 - Level 1.0 Spellcasting
 - Level 2.0 Hexes


You had 4 spell levels left.
You knew the following spells:

 Your Spells              Type           Power      Damage    Failure   Level
a - Slow                  Hex            24%        N/A       34%         1

Your spell library contained the following spells:

 Spells                   Type           Power      Damage    Failure   Level
 Inner Flame              Hex/Fire       3%         N/A       83%         3
 Portal Projectile        Hex/Tloc       6%         N/A       83%         3
 Cause Fear               Hex            3%         N/A       98%         4

Inventory:

Hand Weapons
 Y - a +1 sling (weapon)
Armour
 e - a +0 pair of boots (worn)
 f - a +0 ring mail (worn)
Jewellery
 j - a +5 ring of evasion (left hand)
Scrolls
 b - a scroll of identify
Potions
 g - a potion of invisibility {unknown}
 h - 2 potions of curing
 l - a potion of enlightenment {unknown}

Dungeon Overview and Level Annotations

Branches:
Dungeon (2/15)

Altars:


Message History

You continue putting on your +0 ring mail. x5
You finish putting on your +0 ring mail.
1357 ||| DROPPING +0 leather armour.
You drop a +0 leather armour.
Done exploring.
1358 ||| READING scroll labelled VICRAJ LITRI.
As you read the scroll labelled VICRAJ LITRI, it crumbles to dust.
You feel strangely unstable.
It was a scroll of teleportation.
You start waiting.
Your surroundings suddenly seem different.
Done exploring.
1361 ||| DRINKING 2 viscous pink potions.
It was a potion of brilliance.
You feel clever all of a sudden.
Done exploring.
1362 ||| DROPPING potion of brilliance.
You drop a potion of brilliance.
Done exploring.
(D) Dungeon
Where to? (* - list waypoints, Enter - D:2, ? - help)
What level of the Dungeon? (default 1, ? - help)
There is a stone staircase leading down here.
Things that are here:
a +0 leather armour; a +0 robe You climb downwards.
There is a stone staircase leading up here.
An ogre is nearby!
You shoot a sling bullet.
The sling bullet barely misses the ogre.
You shoot a sling bullet. The sling bullet hits the ogre.
The ogre is lightly wounded.
The ogre hits you with a +0 giant club!!
Ouch! That really hurt!
You shoot a sling bullet.
The sling bullet hits the ogre but does no damage.
The ogre is lightly wounded.
The ogre closely misses you.
You shoot a sling bullet.
The sling bullet hits the ogre but does no damage.
The ogre is lightly wounded.
The ogre hits you with a +0 giant club!
You die...

..%.# ######### #...# ...
..#.####.......######.#.#
..
..#......#####.#....#.#.#
#O ..########
#.....O....#.# #. ..#
#.########...# #. ..#
#...#....#..#### ##. ..#
###.##.#.#.....#####.. ..
#.##%#.##..........#
#.O@<#.###>..#######
###....#.# #####
#......#.# #.#.#.##.#
#.#.#....# #.#...####
#.....# #######


You could see an ogre.

Vanquished Creatures
  2 adders (D:2)
  5 dart slugs
  5 bats (D:1)
  3 endoplasms
  A giant cockroach (D:1)
  4 goblins
  6 hobgoblins
  5 kobolds (D:1)
  4 quokkas
  5 ball pythons
  3 frilled lizards
  3 rats (D:1)
46 creatures vanquished.

Notes
Turn   | Place    | Note
-------+----------+-------------------------------------------
     0 | D:1      | qw the Minotaur Hexslinger began the quest for the Orb.
     0 | D:1      | Reached XP level 1. HP: 16/16 MP: 1/1
     0 | D:1      | 0 ||| qw: Version: 0.3-a-52-g30416fa
     0 | D:1      | 0 ||| qw: Game counter: 7119
     0 | D:1      | 0 ||| qw: Melee chars always use a shield: true
     0 | D:1      | 0 ||| qw: God list: Okawaru
     0 | D:1      | 0 ||| qw: Allow faded altars: false
     0 | D:1      | 0 ||| qw: Do Orc after clearing Dungeon:15 true
     0 | D:1      | 0 ||| qw: Do second Lair branch before Depths: true
     0 | D:1      | 0 ||| qw: Lair rune preference: random
     0 | D:1      | 0 ||| qw: Goals: Normal
     0 | D:1      | 0 ||| PLANNING D:1-11
    93 | D:1      | Found a faded altar of an unknown god.
   110 | D:1      | Reached skill level 3 in Ranged Weapons
   110 | D:1      | Reached XP level 2. HP: 11/23 MP: 2/2
   490 | D:1      | Reached XP level 3. HP: 29/29 MP: 3/3
   924 | D:1      | 924 ||| UPGRADING to +0 pair of boots.
   929 | D:1      | 929 ||| UPGRADING to +5 ring of evasion.
   930 | D:1      | 930 ||| READING 2 scrolls labelled WUNYGH XOKKI.
   931 | D:1      | 931 ||| READING scroll labelled ARGHOSHAHIA.
   932 | D:1      | 932 ||| READING scroll labelled DONOC TAING.
   933 | D:1      | 933 ||| READING scroll labelled KAUKLI YSSI.
   934 | D:1      | 934 ||| DRINKING 3 glowing green potions.
   935 | D:1      | 935 ||| DROPPING scroll of revelation.
   936 | D:1      | 936 ||| DROPPING scroll of poison.
  1017 | D:2      | Identified the +4 long sword "Xuwoupt" {spect, Str-2 Dex+3
                  | Stlth+}
  1035 | D:2      | Reached skill level 4 in Ranged Weapons
  1261 | D:2      | Noticed an ogre
  1264 | D:2      | Reached XP level 4. HP: 19/36 MP: 4/4
  1264 | D:2      | 1264 ||| FLEEEEING.
  1265 | D:2      | 1265 ||| FLEEEEING.
  1266 | D:2      | 1266 ||| FLEEEEING.
  1267 | D:2      | 1267 ||| FLEEEEING.
  1271 | D:2      | 1271 ||| FLEEEEING.
  1272 | D:2      | 1272 ||| FLEEEEING.
  1273 | D:2      | 1273 ||| FLEEEEING.
  1274 | D:2      | 1274 ||| FLEEEEING.
  1275 | D:2      | 1275 ||| FLEEEEING.
  1276 | D:2      | 1276 ||| FLEEEEING.
  1277 | D:2      | 1277 ||| FLEEEEING.
  1278 | D:2      | 1278 ||| FLEEEEING.
  1279 | D:2      | 1279 ||| FLEEEEING.
  1282 | D:2      | 1282 ||| FLEEEEING.
  1283 | D:2      | 1283 ||| FLEEEEING.
  1285 | D:2      | 1285 ||| FLEEEEING.
  1286 | D:2      | 1286 ||| FLEEEEING.
  1292 | D:2      | 1292 ||| STAIRDANCE
  1336 | D:1      | 1336 ||| UPGRADING to +0 leather armour.
  1346 | D:1      | 1346 ||| DROPPING +0 robe.
  1347 | D:1      | 1347 ||| UPGRADING to +0 ring mail.
  1357 | D:1      | 1357 ||| DROPPING +0 leather armour.
  1358 | D:1      | 1358 ||| READING scroll labelled VICRAJ LITRI.
  1361 | D:1      | 1361 ||| DRINKING 2 viscous pink potions.
  1362 | D:1      | 1362 ||| DROPPING potion of brilliance.
  1397 | D:2      | Slain by an ogre

Levels and vault maps discovered:
D:1:      psy_arrival_dodecagon, layout_loops_corners,
          shapermc_ecumenical_altar_starsandcircs, minmay_tromino_v2
D:2:      minmay_spotlight, layout_basic, uniq_sigmund

Skill      XL: |  1  2  3 |
---------------+----------+-----
Ranged Weapons | 3 4 |  4.6
Fighting       | 2 |  2.1
Dodging        | |  2.1
Spellcasting   | |  1.0
Hexes          | |  2.0

Action                     |  1- 3 |  4- 6 || total
---------------------------+-------+-------++-------
   Fire: Sling             |   137 |     4 ||   141
    Use: Scroll            |     4 |     1 ||     5
         Potion            |     1 |     1 ||     2
 Armour: Robe              |     6 |       ||     6
  Dodge: Dodged            |    30 |     1 ||    31

Table legend:
 A = Non-vault XP
 B = Vault XP
 C = Vault XP percentage of total XP
 D = Non-vault monster count
 E = Vault monster count
 F = Vault count percentage of total count
                 A         B        C        D         E       F
            +---------+---------+-------+---------+---------+-------
      Total |     107 |       2 |   1.8 |      45 |       1 |   2.2
            +---------+---------+-------+---------+---------+-------
        D:1 |      55 |       2 |   3.5 |      29 |       1 |   3.3
        D:2 |      52 |       0 |   0.0 |      16 |       0 |   0.0
            +---------+---------+-------+---------+---------+-------
